 Dungeon Crawl Stone Soup version 0.24.0-13-gcf9b319 (webtiles) character file.

Game seed: 6425467208858505327, levelgen mode: deterministic

1790 Bronimir the Firebug (level 8, -2/66 HPs)
             Began as a White Draconian Fire Elementalist on Apr 19, 2020.
             Was a Follower of Vehumet.
             Hit by a boomerang thrown by an orc warrior (6 damage)
             ... on level 6 of the Dungeon.
             The game lasted 00:14:07 (7348 turns).

Bronimir the Firebug (DrFE)                         Turns: 7348, Time: 00:14:08

Health: -2/66      AC:  6    Str: 10      XL:     8   Next: 82%
Magic:  10/13      EV: 13    Int: 15 (17) God:    Vehumet [*.....]
Gold:   238        SH:  0    Dex:  9 (13) Spells: 3/14 levels left

rFire    . . .     SeeInvis .   a - +1 war axe
rCold    + . .     Gourm    .   (no shield)
rNeg     . . .     Faith    .   (armour unavailable)
rPois    .         Spirit   .   (helmet restricted)
rElec    .         Reflect  .   (no cloak)
rCorr    .         Harm     .   (no gloves)
MR       .....                  (no boots)
Stlth    ++........             (no amulet)
HPRegen  0.21/turn              (no ring)
MPRegen  0.13/turn              (no ring)

@: short of breath
A: breathe frost, unfitting armour, cold resistance 1, cold-blooded, AC +6
a: Breathe Frost, Renounce Religion


You were on level 6 of the Dungeon.
You worshipped Vehumet.
Vehumet was aware of your devotion.
You were not hungry.

You visited 1 branch of the dungeon, and saw 6 of its levels.

You collected 238 gold pieces.

Inventory:

Hand Weapons
 a - a +1 war axe (weapon)
 b - a +0 shortbow
 d - a +0 spear
 z - a -3 hunting sling
 A - a +0 arbalest
 D - a +2 morningstar of crushing
Missiles
 f - 120 stones (quivered)
 k - 72 sling bullets
 p - 63 arrows
Magical Staves
 o - an uncursed staff of summoning
Jewellery
 g - an uncursed ring of fire {unknown}
 i - an uncursed amulet of faith {unknown}
Wands
 j - a wand of clouds (2)
 l - a wand of iceblast (7)
 r - a wand of flame (12)
Scrolls
 h - 4 scrolls of identify
 n - a scroll of teleportation
 w - a scroll of remove curse
 x - a scroll of magic mapping
Potions
 q - a potion of agility
 t - a potion of flight
Comestibles
 c - a chunk of flesh
 u - 4 rations


   Skills:
 * Level 3.9 Fighting
 * Level 3.7(4.0) Axes
 + Level 1.6(2.9) Polearms
 + Level 0.9 Slings
 + Level 3.2 Bows
 * Level 4.1 Dodging
 - Level 1.7 Stealth
 + Level 3.5 Spellcasting
 * Level 4.0 Conjurations
 * Level 4.5 Fire Magic
 * Level 3.0 Evocations


You had 3 spell levels left.
You knew the following spells:

 Your Spells              Type           Power        Failure   Level  Hunger
a - Flame Tongue          Conj/Fire      ###..        3%          1    None
b - Throw Flame           Conj/Fire      ###...       4%          2    ##.....
c - Conjure Flame         Conj/Fire      ###.....     10%         3    ###....
d - Sticky Flame          Conj/Fire      ###.....     32%         4    ####...
e - Freeze                Ice            #...         19%         1    None

Your spell library contained the following spells:

 Spells                   Type           Power        Failure   Level  Hunger
 Inner Flame              Hex/Fire       #.......     22%         3    ###....
 Fireball                 Conj/Fire      ###.......   67%         5    ######.


Dungeon Overview and Level Annotations

Branches:
Dungeon (6/15)             Temple (0/1) D:4

Altars:
Fedhas
Hepliaklqana
Ru
Sif Muna
Vehumet
Xom
Yredelemnul


Innate Abilities, Weirdness & Mutations

You can breathe waves of freezing cold.
You can buffet flying creatures when you breathe cold.
Your icy white scales are hard. (AC +6)
You cannot fit into any form of body armour.
Your flesh is cold resistant. (rC+)
You are cold-blooded and may be slowed by cold attacks.


Message History

Aim: a centaur (heavily wounded)
The puff of flame hits the centaur!
The centaur is almost dead.
The centaur completely misses you.
An orc warrior comes into view. It is wielding a +0 battleaxe.
The centaur hits you but does no damage.
Evoke which item? (* to show all) (? for menu, Esc to quit)
Aiming: Throw Flame
Press: ? - help, Shift-Dir - straight line, f/p - centaur
Aim: a centaur (almost dead)
The puff of flame hits the centaur.
You kill the centaur!
Vehumet accepts your kill.
You feel your strength returning.
Your Conjurations skill increases to level 4!
Your Evocations skill increases to level 3!
The orc warrior shouts!
You hear a shout! x2
An adder comes into view.
The orc warrior throws a boomerang.
The boomerang hits you.
You die...

≈≈≈≈≈....# ..g........
o≈≈≈≈≈≈...(# ..$........
S....P.....##......%....
.........(...^..
#......<.# #........#
#...(....# #....)...####
#(..<@)......
#######...### #.### >.#


You could see an orc warrior and an adder (wandering).

Vanquished Creatures
  A gargoyle (D:5)
  A hippogriff (D:5)
  An ice beast (D:5)
  2 ogres (D:5)
  4 centaurs
  A scorpion (D:5)
  A howler monkey (D:5)
  2 quasits (D:5)
  A hound (D:3)
  3 orc wizards
  An orc priest (D:5)
  A jelly (D:5)
  2 bullfrog skeletons
  Natasha (thrice) (D:2)
  4 worker ants (D:5)
  A hound skeleton (D:5)
  3 gnolls (D:5)
  4 adders
  A shadow imp (D:5)
  2 adder zombies (D:5)
  4 dart slugs
  3 leopard geckos
  16 orcs
  5 bats
  2 giant cockroaches
  7 goblins
  13 hobgoblins
  9 jackals
  8 kobolds
  A quokka (D:2)
  A ball python skeleton (D:5)
  5 frilled lizards
  A jackal zombie (D:5)
  10 rats
124 creatures vanquished.

Notes
Turn   | Place    | Note
-------+----------+-------------------------------------------
     0 | D:1      | Bronimir the Draconian Fire Elementalist began the quest
                  | for the Orb.
     0 | D:1      | Reached XP level 1. HP: 14/14 MP: 3/3
   138 | D:1      | Reached XP level 2. HP: 12/20 MP: 0/5
   422 | D:1      | Learned a level 2 spell: Throw Flame
   696 | D:1      | Reached XP level 3. HP: 21/27 MP: 0/6
  1328 | D:2      | Reached skill level 1 in Polearms
  1337 | D:2      | Noticed Natasha
  1343 | D:2      | Killed Natasha
  1343 | D:2      | Reached XP level 4. HP: 32/34 MP: 7/7
  1375 | D:2      | Noticed Natasha
  1384 | D:2      | Killed Natasha
  1384 | D:2      | Reached skill level 1 in Fighting
  1415 | D:2      | Learned a level 3 spell: Conjure Flame
  1583 | D:2      | Found a sacrificial altar of Ru.
  1609 | D:2      | Found a faded altar of an unknown god.
  1743 | D:2      | Noticed Natasha
  1750 | D:2      | Killed Natasha
  1750 | D:2      | Reached skill level 1 in Axes
  2209 | D:3      | Reached XP level 5. HP: 33/40 MP: 5/8
  2312 | D:3      | Found a basalt altar of Yredelemnul.
  3580 | D:4      | Found a radiant altar of Vehumet.
  3590 | D:4      | Found a blossoming altar of Fedhas.
  3592 | D:4      | Found a hazy altar of Hepliaklqana.
  3598 | D:4      | Became a worshipper of Vehumet
  3604 | D:4      | Reached XP level 6. HP: 48/48 MP: 4/10
  3620 | D:4      | Found a staircase to the Ecumenical Temple.
  3762 | D:4      | Found a shimmering altar of Xom.
  3939 | D:4      | Found a shimmering blue altar of Sif Muna.
  3994 | D:5      | Entered Level 5 of the Dungeon
  4373 | D:5      | Reached skill level 1 in Evocations
  4570 | D:5      | Learned a level 4 spell: Sticky Flame
  4698 | D:5      | Your scales start taking on an icy white colour.
  4698 | D:5      | Reached XP level 7. HP: 56/56 MP: 9/11
  4698 | D:5      | Gained mutation: Your flesh is cold resistant. (rC+) [White
                  | Draconian growth]
  4779 | D:5      | Noticed a gargoyle
  4838 | D:5      | Killed a gargoyle
  4838 | D:5      | Reached skill level 1 in Bows
  5203 | D:5      | Reached XP level 8. HP: 37/63 MP: 1/12
  5482 | D:5      | Reached * piety under Vehumet
  5482 | D:5      | Offered knowledge of Freeze by Vehumet.
  5485 | D:5      | Learned a level 1 spell: Freeze
  5523 | D:5      | Noticed a hippogriff
  5546 | D:5      | Killed a hippogriff
  7348 | D:6      | Hit by a boomerang thrown by an orc warrior

Levels and vault maps discovered:
D:1:      scummos_arrival_forest, layout_rooms, serial_bayou_crossing
D:2:      layout_basic, chequers_ecumenical_altar_grove, minivault_19,
          nrook_mini_backslash, minmay_misc_feat_nine_boxes,
          nicolae_ru_path_of_blood, uniq_natasha
D:3:      layout_basic, yredelemnul_altar_generic, palyth_stone_intersect
D:4:      layout_rooms, lemuel_blue_sif_altar, grunt_temple_overflow_open,
          minmay_temple_entry_trees, led_xom_imps
D:5:      layout_basic, first_ration
D:6:      lemuel_castle_with_subvaults [lemuel_castle_interior_original],
          layout_rooms, minmay_fractal_squares_gapless_5

Skill      XL: |  1  2  3  4  5  6  7  8 |
---------------+-------------------------+-----
Polearms       | 1 |  1.6
Dodging        | 2 3 4 |  4.1
Fighting       | 1 2 3 |  3.9
Axes           | 1 2 3 |  3.7
Fire Magic     | 4 3 4 |  4.5
Conjurations   | 2 3 4 |  4.0
Spellcasting   | 3 |  3.5
Evocations     | 1 2 3 |  3.0
Bows           | 2 3 |  3.2
Slings         | |  0.9
Stealth        | |  1.7

Action                   |  1- 3 |  4- 6 |  7- 9 || total
-------------------------+-------+-------+-------++-------
Melee: Spear             |    97 |       |       ||    97
       Tailslap          |     4 |     5 |     2 ||    11
       War axe           |    10 |    33 |    23 ||    66
 Fire: Hunting sling     |       |    42 |       ||    42
       Shortbow          |       |    27 |    56 ||    83
 Cast: Flame Tongue      |    18 |    91 |    81 ||   190
 Abil: Breathe Frost     |       |       |    12 ||    12
Evoke: Wand              |       |       |     5 ||     5
  Use: Scroll            |       |     8 |     3 ||    11
       Potion            |       |       |    11 ||    11
 Stab: Sleeping          |     3 |     3 |       ||     6
  Eat: Chunk             |     1 |    10 |     6 ||    17
       Ration            |       |       |     2 ||     2
Armor: Skin              |    33 |    32 |    89 ||   154
Dodge: Dodged            |    61 |   101 |   191 ||   353
